 Dungeon Crawl Stone Soup version 0.18.1-6-gd335043 (webtiles) character file.

1907 HeyPeaces the Ruffian (level 8, 0/83 HPs)
             Began as a Troll Berserker on May 17, 2016.
             Was an Elder of Trog.
             Slain by a hill giant
             ... wielding a +0 giant spiked club
              (27 damage)
             ... on level 7 of the Dungeon.
             The game lasted 00:45:44 (6577 turns).

HeyPeaces the Ruffian (Troll Berserker)             Turns: 6577, Time: 00:45:44

Health: 0/83       AC:  7    Str: 28    XL:     8   Next: 94%
Magic:  7/7        EV: 11    Int:  8    God:    Trog [****..]
Gold:   349        SH:  0    Dex:  9    Spells: 0 memorised, 7 levels left

rFire  . . .     SeeInvis .     o - +0 blowgun
rCold  . . .     Gourm    +     j - +0 robe
rNeg   . . .     Faith    .     (no shield)
rPois  .         Spirit   .     (helmet restricted)
rElec  .         Dismiss  +     w - +1 cloak
rCorr  .         Reflect  .     (gloves unavailable)
SustAt .         Harm     .     (boots unavailable)
MR     .....                    a - amulet of dismissal
Stlth  +.........               (no ring)
                                (no ring)

@: confused, brilliant, not resistant to hostile enchantments, very unstealthy
A: unfitting armour, claws 3, fast metabolism 3, gourmand, regeneration 2,
shaggy fur 1, tough skin 2
a: Berserk, Trog's Hand, Brothers in Arms, Burn Spellbooks, Renounce Religion


You were on level 7 of the Dungeon.
You worshipped Trog.
Trog was greatly pleased with you.
You were completely stuffed.

You visited 1 branch of the dungeon, and saw 7 of its levels.

You collected 349 gold pieces.

Inventory:

Hand Weapons
 o - a +0 blowgun (weapon)
Missiles
 p - 12 poisoned needles (quivered)
Armour
 j - a +0 robe (worn)
 w - a +1 cloak (worn)
Jewellery
 a - an amulet of dismissal (around neck)
 x - an uncursed ring of protection from magic {unknown}
Wands
 v - a wand of flame (31/48)
 y - a wand of disintegration (10/24)
Scrolls
 d - 4 scrolls of fog
 g - 11 scrolls of identify
 h - 3 scrolls of enchant weapon
 k - 3 scrolls of amnesia
 l - a scroll of enchant armour
 m - 5 scrolls of remove curse
 q - a scroll of teleportation {unknown}
 r - a scroll of blinking {unknown}
 s - a scroll of noise {unknown}
 u - a scroll of fear
Potions
 c - 2 potions of brilliance
 e - 2 potions of cancellation {unknown}
Comestibles
 b - 7 bread rations
 f - 2 beef jerkies
 i - 6 meat rations
 t - 20 fruits


   Skills:
 * Level 6.1 Fighting
 * Level 3.4 Armour
 + Level 5.0 Dodging
 * Level 7.1 Unarmed Combat
 + Level 0.1 Evocations


You had 7 spell levels left.
You didn't know any spells.

Dungeon Overview and Level Annotations

Branches:
Dungeon (7/15)             Temple (0/1) D:5

Altars:
Elyvilon
Kikubaaqudgha
Pakellas
Qazlal
Vehumet
Xom


Innate Abilities, Weirdness & Mutations

You are too large for most types of armour.
You have claws for hands.
Your metabolism is lightning-fast.
You like to eat raw meat.
You heal very quickly.
You are covered in fur (AC +1).
You have very tough skin (AC +2).


Message History

Your ogre's corpse disappears in a puff of smoke!
Firing (i - inventory):
p - 14 poisoned needles (quivered)
Press: ? - help, Shift-Dir - straight line, f/p - hill giant
Aim: a hill giant, wielding a giant spiked club (heavily wounded)
You shoot a poisoned needle.
The poisoned needle barely misses the hill giant.
Firing (i - inventory):
p - 13 poisoned needles (quivered)
Press: ? - help, Shift-Dir - straight line, f/p - hill giant
Aim: a hill giant, wielding a giant spiked club (heavily wounded)
You shoot a poisoned needle.
The poisoned needle hits the hill giant.
The hill giant is poisoned.
The hill giant is heavily wounded.
Found 16 stones.
Drink which item? (? for menu, Esc to quit)
You are confused.
You feel invigorated.
You bump into the rock wall.
The hill giant looks more healthy.
The hill giant hits you with a giant spiked club!!
You die...

## #..#
#........#
#...
....###.#.#
##.##. .#..#
#.#(# .# ..
#..# #.#.# .#
.. #.(# #.#.#
#.#..###.#.#
.......#.#
#.####.#####(#
#....@C....!.#
##############


You could see a hill giant.

Vanquished Creatures
  The ghost of Enroth the Magician, a novice DEEE (D:5)
  Sigmund (D:6)
  Edmund (D:6)
  An orc warrior (D:6)
  An ogre (D:6)
  4 giant frogs
  3 wights (D:6)
  3 crimson imps (D:5)
  A giant frog zombie (D:7)
  Crazy Yiuf (D:6)
  A hound (D:5)
  A jelly (D:5)
  2 orc wizards
  4 orc priests
  2 giant frog skeletons
  A gnoll shaman (D:4)
  An iguana (D:6)
  4 worker ants
  A hound skeleton (D:4)
  5 gnolls (D:4)
  6 adders
  An ooze (D:1)
  A worm (D:4)
  8 dart slugs
  3 giant geckos
  12 orcs
  5 giant cockroaches
  2 hobgoblins (D:1)
  12 jackals
  4 kobolds
  4 quokkas
  4 ball pythons
  10 bats
  A giant gecko skeleton (D:4)
  4 giant newts
  16 goblins
  A jackal zombie (D:6)
  A quokka skeleton (D:7)
  15 rats
  A fungus (D:6)
150 creatures vanquished.

Vanquished Creatures (others)
  An orc (D:6)
1 creature vanquished.

Grand Total: 151 creatures vanquished

Notes
Turn   | Place    | Note
--------------------------------------------------------------
     0 | D:1      | HeyPeaces the Troll Berserker began the quest for the Orb.
     0 | D:1      | Reached XP level 1. HP: 22/22 MP: 0/0
   337 | D:1      | Reached XP level 2. HP: 29/29 MP: 1/1
   706 | D:1      | Reached XP level 3. HP: 36/36 MP: 2/2
   941 | D:1      | Reached ** piety under Trog
  1608 | D:2      | Reached XP level 4. HP: 41/45 MP: 3/3
  1664 | D:2      | Reached *** piety under Trog
  1786 | D:2      | Reached skill level 1 in Armour
  3376 | D:4      | Reached **** piety under Trog
  3386 | D:4      | Reached XP level 5. HP: 51/53 MP: 4/4
  3442 | D:4      | Reached skill level 4 in Unarmed Combat
  3747 | D:4      | Reached XP level 6. HP: 38/62 MP: 5/5
  4212 | D:5      | Entered Level 5 of the Dungeon
  4301 | D:5      | Noticed Enroth's ghost (novice DEEE)
  4314 | D:5      | Killed Enroth's ghost
  4314 | D:5      | Reached skill level 5 in Unarmed Combat
  4314 | D:5      | Reached XP level 7. HP: 70/70 MP: 6/6
  4527 | D:5      | Found a staircase to the Ecumenical Temple.
  4724 | D:5      | Found an ancient bone altar of Kikubaaqudgha.
  4831 | D:5      | Found a shimmering altar of Xom.
  5104 | D:6      | Noticed Crazy Yiuf
  5110 | D:6      | Killed Crazy Yiuf
  5363 | D:6      | Noticed Sigmund
  5397 | D:6      | Killed Sigmund
  5397 | D:6      | Reached skill level 5 in Fighting
  5397 | D:6      | Reached skill level 6 in Unarmed Combat
  5397 | D:6      | Reached XP level 8. HP: 71/80 MP: 7/7
  5581 | D:6      | Noticed Edmund
  5588 | D:6      | Killed Edmund
  5662 | D:6      | Found a radiant altar of Vehumet.
  6243 | D:6      | Reached skill level 7 in Unarmed Combat
  6303 | D:7      | Reached ***** piety under Trog
  6336 | D:7      | Found a stormy altar of Qazlal.
  6337 | D:7      | Found an oddly glowing altar of Pakellas.
  6339 | D:7      | Found a white marble altar of Elyvilon.
  6383 | D:7      | Reached skill level 5 in Dodging
  6542 | D:7      | Noticed a hill giant
  6577 | D:7      | Slain by a hill giant

Skill      XL: |  1  2  3  4  5  6  7  8 |
---------------+-------------------------+-----
Fighting       | 3 4 5 6 |  6.1
Armour         | 1 2 3 |  3.4
Dodging        | 3 4 5 |  5.0
Unarmed Combat | 4 5 6 7 |  7.1
Evocations     | |  0.1

Action                   |  1- 3 |  4- 6 |  7- 9 || total
-------------------------+-------+-------+-------++-------
Melee: Unarmed           |   104 |   159 |   156 ||   419
       Punch             |     1 |     3 |     3 ||     7
 Fire: Blowgun           |       |    11 |     5 ||    16
Throw: Stone             |    63 |       |       ||    63
       Tomahawk          |     3 |       |       ||     3
Invok: Berserk           |       |     1 |     1 ||     2
       Brothers in Arms  |       |       |     1 ||     1
Evoke: Wand              |       |       |     2 ||     2
  Use: Potion            |     3 |     7 |     4 ||    14
       Scroll            |     5 |     4 |       ||     9
  Eat: Chunk             |    20 |    25 |    23 ||    68
Armor: Animal skin       |    53 |    24 |       ||    77
       Robe              |       |    27 |    44 ||    71
Dodge: Dodged            |    77 |   115 |    64 ||   256
